 Dungeon Crawl Stone Soup version 0.23-a0-405-g368ce00 (webtiles) character file.

2394 Gorice the Cleaver (level 9, -3/86 HPs)
             Began as a Deep Dwarf Fighter on Nov 5, 2018.
             Was a Believer of Makhleb.
             Killed by divine providence
             ... invoked by an orc priest
              (11 damage)
             ... on level 7 of the Dungeon on Nov 6, 2018.
             The game lasted 00:29:00 (6376 turns).

Gorice the Cleaver (Deep Dwarf Fighter)             Turns: 6376, Time: 00:29:01

Health: -3/86      AC: 12    Str: 20    XL:     9   Next: 22%
Magic:  9/9        EV:  5    Int: 12    God:    Makhleb [**....]
Gold:   291        SH:  9    Dex: 12    Spells: 8/8 levels left

rFire    . . .     SeeInvis .   a - +1 war axe
rCold    . . .     Gourm    .   c - +0 shield
rNeg     . . .     Faith    .   h - +0 plate armour
rPois    .         Spirit   .   i - +0 helmet
rElec    .         Reflect  .   (no cloak)
rCorr    .         Harm     .   (no gloves)
MR       +....                  (no boots)
Stlth    ..........             (no amulet)
HPRegen  0.00/turn              n - ring of stealth
MPRegen  0.11/turn              p - +2 ring of evasion

@: non-regenerating
A: damage resistance, heal wounds, sense surroundings 2, no regeneration
a: Heal Wounds, Minor Destruction, Renounce Religion


You were on level 7 of the Dungeon.
You worshipped Makhleb.
Makhleb was pleased with you.
You were not hungry.

You visited 2 branches of the dungeon, and saw 8 of its levels.

You collected 291 gold pieces.

Inventory:

Hand Weapons
 a - a +1 war axe (weapon)
 k - a +4 flail of holy wrath
   (You took it off Edmund on level 4 of the Dungeon)
Missiles
 o - 94 sling bullets
 r - 8 curare-tipped needles
 A - 3 tomahawks (quivered)
 Y - 146 stones
Armour
 b - a +0 scale mail
 c - a +0 shield (worn)
 d - a +2 robe of the Archmagi
   (You took it off Sigmund on level 3 of the Dungeon)
 h - a +0 plate armour (worn)
 i - a +0 helmet (worn)
Jewellery
 n - a ring of stealth (left hand)
 p - a +2 ring of evasion (right hand)
 F - an uncursed ring of flight
Wands
 y - a wand of iceblast (6)
Scrolls
 e - 2 scrolls of amnesia
 m - a scroll of enchant weapon
 v - 4 scrolls of teleportation {!r}
 w - 3 scrolls of remove curse
 x - a scroll of fog
 C - a scroll of fear {!r}
Potions
 g - a potion of cancellation {!q}
 l - a potion of berserk rage
 q - 2 potions of flight
 t - 2 potions of mutation {unknown}
 u - a potion of agility {unknown}
 z - a potion of lignification {!q}
 B - a potion of magic {unknown}
Comestibles
 f - 8 rations
 j - 10 chunks of flesh


   Skills:
 + Level 7.1 Fighting
 * Level 11.2 Axes
 - Level 3.2 Armour
 - Level 3.2 Shields


You had 8 spell levels left.
You didn't know any spells.
Your spell library was empty.

Dungeon Overview and Level Annotations

Branches:
Dungeon (7/15)             Temple (1/1) D:5

Altars:
Ashenzari
Cheibriados
Dithmenos
Elyvilon
Fedhas
Gozag
Hepliaklqana
Kikubaaqudgha
Makhleb
Nemelex Xobeh
Okawaru
Ru
Sif Muna
Trog
Uskayaw
Xom
Yredelemnul
Zin
The Shining One

Annotations:
D:2 1 runed door
D:3 2 runed doors, phyphor's ghost, amateur SpEn


Innate Abilities, Weirdness & Mutations

You are resistant to damage.
You can heal yourself by infusing magical energy.
You passively map the area around you.
You do not regenerate.


Message History

You barely miss the bullfrog. The bullfrog barely misses you.
You block the bullfrog's attack.
You hit the bullfrog.
The bullfrog is lightly wounded.
The bullfrog barely misses you.
You slice the bullfrog!!
You kill the bullfrog!
Makhleb accepts your kill.
Some of the chunks of flesh in your inventory have rotted away.
There is a stone staircase leading down here.
You climb downwards.
A jackal comes into view.
The jackal barks!
The adder bites you but does no damage. You block the hornet zombie's attack.
The adder barely misses you. The hornet zombie hits you.
* * * LOW HITPOINT WARNING * * *
There is a stone staircase leading up here.
Damage: 2 (max 2)
The adder bites you.
The hornet zombie hits you but does no damage.
You climb upwards.
There is a stone staircase leading down here.
Unknown command.
You slash the adder!
You kill the adder!
Makhleb accepts your kill.
You feel better.
You see here an adder corpse.
You see here an adder corpse.
You butcher the adder corpse.
j - 14 chunks of flesh (gained 2)
You see here an adder skeleton.
You see here a +0 club.
Okay, then.
Some of the chunks of flesh in your inventory have rotted away.
There is a stone staircase leading down here.
You see here a +0 flail.
You climb downwards. 2 jackals come into view.
The jackal barks! x2
The ooze quivers.
The orc priest mumbles some strange prayers to Beogh against you.
Beogh smites you!
* * * LOW HITPOINT WARNING * * *
There is a stone staircase leading up here.
Damage: 6 (max 6)
The ooze hits you but does no damage.
The orc priest invokes the aid of Beogh against you.
Beogh smites you!
You die...

* ########## ,,
........#### ,
.........).#
*###.##.##.## ### ,
#......#..# ###.## ,
#......##.####....#
#........#.#..@J......# *
, ...#....##...hoh......#
.,..##.##..#...o......###
..* ... #....h......###*
* ,, ..###. ##.....>....#
, ......, #^......[.## *
, ** ....#.
#Z.........#,, , ......
#................ * ,
......#Z................
,


You could see 2 orc priests, an ooze, a hornet zombie and 3 jackals.

Vanquished Creatures
  Sigmund (D:3)
  Eustachio (D:5)
  Edmund (D:4)
  An ice beast (D:6)
  A black bear (D:6)
  2 phantoms (D:6)
  An ogre (D:4)
  3 bullfrogs (D:6)
  A gnoll sergeant (D:6)
  2 scorpions (D:4)
  5 wights (D:6)
  3 howler monkeys (D:4)
  2 crimson imps
  5 hounds
  3 orc priests
  3 orc wizards (D:6)
  2 worker ants
  A killer bee zombie (D:5)
  A hound skeleton (D:5)
  Robin (D:2)
  12 gnolls
  9 adders
  2 shadow imps
  An ooze (D:4)
  An adder skeleton (D:6)
  5 worms
  2 dart slugs
  A leopard gecko (D:3)
  15 orcs
  2 ball pythons (D:2)
  11 giant cockroaches
  20 goblins
  11 hobgoblins
  10 jackals
  4 kobolds
  A quokka (D:4)
  7 bats
  5 frilled lizards
  A quokka skeleton (D:7)
  7 rats
167 creatures vanquished.

Notes
Turn   | Place    | Note
-------+----------+-------------------------------------------
     0 | D:1      | Gorice the Deep Dwarf Fighter began the quest for the Orb.
     0 | D:1      | Reached XP level 1. HP: 20/20 MP: 1/1
    82 | D:1      | Reached XP level 2. HP: 17/27 MP: 2/2
   100 | D:1      | Reached skill level 3 in Axes
   134 | D:1      | Reached skill level 3 in Fighting
   576 | D:1      | Reached XP level 3. HP: 19/34 MP: 3/3
  1018 | D:2      | Found a runed door.
  1277 | D:2      | Reached skill level 4 in Axes
  1363 | D:2      | Noticed Robin
  1381 | D:2      | Reached XP level 4. HP: 19/42 MP: 4/4
  1405 | D:2      | Killed Robin
  2010 | D:3      | HP: 12/42 [adder (2)]
  2269 | D:3      | Found a runed door.
  2275 | D:3      | Noticed phyphor's ghost (amateur SpEn)
  2318 | D:3      | Found a runed door.
  2337 | D:3      | Noticed Sigmund
  2410 | D:3      | Killed Sigmund
  2410 | D:3      | Reached skill level 4 in Fighting
  2410 | D:3      | Reached skill level 6 in Axes
  2410 | D:3      | Reached XP level 5. HP: 37/50 MP: 5/5
  2410 | D:3      | Reached XP level 6. HP: 43/57 MP: 6/6
  2861 | D:4      | Noticed Edmund
  2877 | D:4      | Killed Edmund
  3152 | D:4      | Reached XP level 7. HP: 43/66 MP: 7/7
  3203 | D:4      | Reached skill level 7 in Axes
  3446 | D:4      | Reached skill level 5 in Fighting
  3824 | D:4      | Reached skill level 8 in Axes
  3900 | D:5      | Entered Level 5 of the Dungeon
  3913 | D:5      | Found a staircase to the Ecumenical Temple.
  3929 | Temple   | Entered the Ecumenical Temple
  4059 | Temple   | Became a worshipper of Makhleb the Destroyer
  5155 | D:6      | Reached XP level 8. HP: 66/75 MP: 8/8
  5207 | D:6      | Noticed Eustachio
  5436 | D:6      | Reached skill level 9 in Axes
  5480 | D:6      | HP: 22/76 [black bear (3)]
  5483 | D:6      | Reached * piety under Makhleb
  5528 | D:6      | Reached skill level 6 in Fighting
  5575 | D:6      | HP: 20/76 [worker ant (2)]
  5583 | D:6      | HP: 16/76 [bullfrog (4)]
  5589 | D:6      | HP: 11/76 [gnoll (4)]
  5617 | D:5      | Killed Eustachio
  5617 | D:5      | Reached skill level 10 in Axes
  5735 | D:6      | Found a shimmering altar of Xom.
  5740 | D:6      | Found a glowing silver altar of Zin.
  5764 | D:6      | HP: 18/78 [ice beast (12)]
  5834 | D:6      | HP: 15/78 [orc/+0 flail (3)]
  5843 | D:6      | Gained mutation: You passively map the area around you.
                  | [Deep Dwarf growth]
  5843 | D:6      | Reached XP level 9. HP: 9/85 MP: 9/9
  5883 | D:6      | Found a snail-covered altar of Cheibriados.
  5967 | D:6      | Upgraded the game from 0.23-a0-404-g0063841 to
                  | 0.23-a0-405-g368ce00
  6177 | D:7      | HP: 20/85 [orc priest/divine providence (8)]
  6224 | D:7      | HP: 14/85 [orc priest/nerve-wracking pain (7)]
  6241 | D:6      | Reached skill level 7 in Fighting
  6241 | D:6      | Reached skill level 11 in Axes
  6259 | D:7      | Reached ** piety under Makhleb
  6301 | D:6      | HP: 20/86 [hound (1)]
  6339 | D:6      | HP: 18/86 [bullfrog (2)]
  6349 | D:7      | HP: 12/86 [hornet zombie (2)]
  6374 | D:7      | HP: 8/86 [orc priest/divine providence (6)]
  6376 | D:7      | Killed from afar by an orc priest

Vault maps used:
D:1:      roderic_dead_forest
D:2:      cheibrodos_greedy_goblins, first_ration, uniq_robin,
          uniq_crazy_yiuf_cottage
D:3:      ebering_ghost_sewer_f, st_stairs_10, uniq_sigmund
D:4:      uniq_edmund
D:5:      minmay_temple_entry_glass
D:6:      nicolae_overflow_hidden_temple, uniq_eustachio
D:7:      basic_altar
Temple:   nicolae_temple_elliptical

Skill      XL: |  1  2  3  4  5  6  7  8  9 |
---------------+----------------------------+-----
Axes           | 3 4 6 8 10 11 | 11.2
Fighting       | 3 4 5 6 7 |  7.1
Armour         | |  3.2
Shields        | |  3.2

Action                   |  1- 3 |  4- 6 |  7- 9 || total
-------------------------+-------+-------+-------++-------
Melee: War axe           |   171 |   188 |   374 ||   733
Throw: Stone             |    30 |    51 |    39 ||   120
       Tomahawk          |       |       |    34 ||    34
Evoke: Wand              |       |       |     1 ||     1
  Use: Scroll            |     6 |     7 |       ||    13
       Potion            |       |     3 |     4 ||     7
  Eat: Chunk             |     2 |     6 |    11 ||    19
Armor: Scale mail        |     7 |       |       ||     7
       Plate armour      |   112 |    96 |   246 ||   454
       Skin              |       |     7 |       ||     7
Dodge: Dodged            |    23 |    23 |    91 ||   137
Block: Shield            |    99 |    90 |   198 ||   387

Table legend:
 A = Non-vault XP
 B = Vault XP
 C = Vault XP percentage of total XP
 D = Non-vault monster count
 E = Vault monster count
 F = Vault count percentage of total count
                 A         B        C        D         E       F
            +---------+---------+-------+---------+---------+-------
      Total |    2773 |     647 |  18.9 |     144 |      23 |  13.8
            +---------+---------+-------+---------+---------+-------
        D:1 |      44 |       0 |   0.0 |      19 |       0 |   0.0
        D:2 |      55 |      43 |  43.9 |      21 |      16 |  43.2
        D:3 |      49 |     238 |  82.9 |      15 |       5 |  25.0
        D:4 |     555 |     169 |  23.3 |      19 |       1 |   5.0
        D:5 |     286 |     197 |  40.8 |      23 |       1 |   4.2
        D:6 |    1694 |       0 |   0.0 |      41 |       0 |   0.0
        D:7 |      90 |       0 |   0.0 |       6 |       0 |   0.0
            +---------+---------+-------+---------+---------+-------

Table legend:
 A = Turns spent in this place as a percentage of turns spent in the entire game.
 B = Non-inter-level travel turns spent in this place as a percentage of non-inter-level travel turns spent in the entire game.
 C = Inter-level travel turns spent in this place as a percentage of turns spent in this place.
 D = Turns resting spent in this place as a percentage of non-inter-level travel turns spent in this place.
 E = Turns spent auto-exploring this place as a percentage of non-inter-level travel turns spent in this place.
 F = Non-inter-level travel turns spent in this place divided by the number of levels of this place that you've seen.
                   A       B       C       D       E      F
               +-------+-------+-------+-------+-------+----------------------
         Total | 100.0 | 100.0 |   3.6 |   2.8 |  55.2 | 768.4
       Dungeon |  97.6 |  97.9 |   3.3 |   2.8 |  54.4 | 859.3
        Temple |   2.4 |   2.1 |  14.3 |   0.0 |  90.2 | 132.0
               +-------+-------+-------+-------+-------+----------------------

Vault maps used:
D:1:      roderic_dead_forest
D:2:      cheibrodos_greedy_goblins, first_ration, uniq_robin,
          uniq_crazy_yiuf_cottage
D:3:      ebering_ghost_sewer_f, st_stairs_10, uniq_sigmund
D:4:      uniq_edmund
D:5:      minmay_temple_entry_glass
D:6:      nicolae_overflow_hidden_temple, uniq_eustachio
D:7:      basic_altar
Temple:   nicolae_temple_elliptical
